 Dungeon Crawl Stone Soup version 0.22.1-1-ga44c0e56f4 (webtiles) character file.

140797 Peloso the Peltast (level 16, -1/151 HPs)
             Began as a Minotaur Fighter on Oct 12, 2018.
             Was the Champion of Okawaru.
             Killed from afar by a shock serpent (23 damage)
             ... with a bolt of electricity
             ... on level 1 of the Snake Pit.
             The game lasted 01:32:39 (26041 turns).

Peloso the Peltast (Minotaur Fighter)              Turns: 26041, Time: 01:32:40

Health: -1/151     AC: 32    Str: 28    XL:     16   Next: 76%
Magic:  3/16       EV: 21    Int:  1    God:    Okawaru [******]
Gold:   2133       SH: 16    Dex: 16    Spells: 15/15 levels left

rFire    + . .     SeeInvis +   a - +9 double sword of the Salmon {slice, rN+++ MP+9 Int-5 SInv}
rCold    . . .     Gourm    .   x - +0 shield
rNeg     + + +     Faith    +   P - +8 pearl dragon scales of Dice, Bag, and Bottle {rPois rN+ Slay+6}
rPois    .         Spirit   .   (helmet restricted)
rElec    .         Reflect  .   s - +1 cloak
rCorr    .         Harm     .   K - +1 pair of gloves {Str+3}
MR       +....                  l - +1 pair of boots {Fly}
Stlth    +.........             M - amulet of faith
HPRegen  0.35/turn              H - +5 ring of evasion
MPRegen  0.15/turn              Y - ring of Zifal {rF+ rN+ MP-9 Dex+4 SInv}

@: lethally poisoned (-1 -> -1), poison vulnerable, flying
A: retaliatory headbutt, horns 2
a: Heroism, Finesse, Renounce Religion, Stop Flying


You were on level 1 of the Snake Pit.
You worshipped Okawaru.
Okawaru was exalted by your worship.
You were not hungry.

You visited 5 branches of the dungeon, and saw 25 of its levels.
You also visited: Labyrinth, Ossuary, Ice Cave and Volcano.

You collected 2667 gold pieces.
You spent 534 gold pieces at shops.

Inventory:

Hand Weapons
 a - the +9 double sword of the Salmon (weapon) {slice, rN+++ MP+9 Int-5 SInv}
   (Okawaru gifted it to you on level 9 of the Dungeon)

   It inflicts extra damage upon your enemies.
   It affects your intelligence (-5).
   It renders you almost immune to negative energy.
   It affects your magic capacity (+9).
   It lets you see invisible.
 w - a +0 scimitar of flaming
Missiles
 v - 13 tomahawks (quivered)
Armour
 l - a +1 pair of boots of flying (worn)
 p - the +2 pair of gloves "Jugg" {MR+}
   (You bought it in a shop on level 1 of the Orcish Mines)

   It affects your resistance to hostile enchantments.
 s - a +1 cloak (worn)
 x - a +0 shield (worn)
 y - a +1 pair of boots
 K - a +1 pair of gloves of strength (worn)
 P - the +8 pearl dragon scales of Dice, Bag, and Bottle (worn) {rPois rN+ Slay+6}
   (Okawaru gifted it to you on level 10 of the Dungeon)

   It affects your accuracy and damage with ranged weapons and melee attacks
   (+6).
   It protects you from poison.
   It protects you from negative energy.
Jewellery
 o - a +2 amulet of reflection
 C - an uncursed ring of resist corrosion
 H - a +5 ring of evasion (left hand)
 M - an amulet of faith (around neck)
 S - an uncursed ring of protection from magic
 W - an uncursed ring of protection from magic
 Y - the ring of Zifal (right hand) {rF+ rN+ MP-9 Dex+4 SInv}
   (You found it on level 1 of the Lair of Beasts)

   [ring of positive energy]

   It affects your dexterity (+4).
   It protects you from fire.
   It protects you from negative energy.
   It affects your magic capacity (-9).
   It lets you see invisible.
Wands
 e - a wand of digging (7)
Scrolls
 b - 2 scrolls of brand weapon
 g - 6 scrolls of identify
 h - 6 scrolls of blinking
 i - 12 scrolls of teleportation
 q - 3 scrolls of enchant weapon
 t - a scroll of holy word
 u - 4 scrolls of remove curse
 D - 3 scrolls of fear
 F - 5 scrolls of magic mapping
Potions
 d - 3 potions of might
 j - 7 potions of curing
 k - 4 potions of agility
 m - 7 potions of heal wounds
 n - a potion of resistance
 r - 2 potions of invisibility
 A - 7 potions of haste
 G - 4 potions of berserk rage
Comestibles
 c - 5 chunks of flesh
 f - 47 rations


   Skills:
 + Level 16.3 Fighting
 + Level 18.7 Long Blades
   Level 2.0 Polearms
 + Level 13.6 Armour
 + Level 8.1 Dodging
 + Level 2.4 Stealth
 + Level 19.0 Shields
 + Level 1.0 Invocations
 + Level 2.1 Evocations


You had 15 spell levels left.
You didn't know any spells.
Your spell library contained the following spells:

 Spells                   Type           Power        Failure   Level  Hunger
 Animate Skeleton         Necr           N/A          80%         1    ##.....
 Apportation              Tloc           #.....       80%         1    ##.....
 Confusing Touch          Hex            #.....       80%         1    ##.....
 Corona                   Hex            #......      80%         1    ##.....
 Flame Tongue             Conj/Fire      #....        80%         1    ##.....
 Summon Butterflies       Summ           #.......     80%         1    ##.....
 Summon Small Mammal      Summ           #...         80%         1    ##.....
 Ensorcelled Hibernation  Hex/Ice        #.....       91%         2    ###....
 Throw Flame              Conj/Fire      #.....       91%         2    ###....
 Confuse                  Hex            #.......     99%         3    ####...
 Conjure Flame            Conj/Fire      #.......     99%         3    ####...
 Dazzling Spray           Conj/Hex       #.....       99%         3    ####...
 Gell's Gravitas          Tloc           #.........   99%         3    ####...
 Inner Flame              Hex/Fire       #.......     99%         3    ####...
 Lesser Beckoning         Tloc           #.........   99%         3    ####...
 Tukima's Dance           Hex            #.......     99%         3    ####...
 Ice Form                 Ice/Tmut       #.......     100%        4    #####..
 Leda's Liquefaction      Hex/Erth       #.........   100%        4    #####..
 Petrify                  Tmut/Erth      #.......     100%        4    #####..
 Sticky Flame             Conj/Fire      #.......     100%        4    #####..
 Alistair's Intoxication  Tmut/Pois      #.......     100%        5    ######.
 Bolt of Magma            Conj/Fire/Erth #.........   100%        5    ######.
 Fireball                 Conj/Fire      #.........   100%        5    ######.
 Metabolic Englaciation   Hex/Ice        #.........   100%        5    ######.
 Yara's Violent Unravell  Hex/Tmut       #.........   100%        5    ######.
 Bolt of Cold             Conj/Ice       #.........   100%        6    #######
 Freezing Cloud           Conj/Ice/Air   #.........   100%        6    #######
 Invisibility             Hex            #.......     100%        6    #######
 Iron Shot                Conj/Erth      #.........   100%        6    #######
 Ozocubu's Refrigeration  Ice            #.........   100%        6    #######
 Simulacrum               Ice/Necr       #.........   100%        6    #######
 Statue Form              Tmut/Erth      #........    100%        6    #######
 Shatter                  Erth           #.........   100%        9    #######


Dungeon Overview and Level Annotations

Branches:
Dungeon (15/15)            Temple (1/1) D:6            Lair (6/6) D:8
 Shoals (0/4) Lair:4        Snake (1/4) Lair:4        Slime (0/5) Lair:6
    Orc (2/2) D:11            Elf (0/3) Orc:2        Vaults (0/5) D:13
 Depths (0/5) D:15

Altars:
Ashenzari
Dithmenos
Elyvilon
Fedhas
Kikubaaqudgha
Makhleb
Okawaru
Qazlal
Ru
Sif Muna
Trog
Uskayaw
Vehumet
Yredelemnul
Beogh
Jiyva

Shops:
Orc:1 [   Orc:2 ?:[(*

Portals:
Hell: Lair:6

Annotations:
D:13 Nessos


Innate Abilities, Weirdness & Mutations

You reflexively headbutt those who attack you in melee.
You have a pair of horns on your head.


Message History

The black mamba is almost dead.
The black mamba bites you but does no damage.
Unknown command.
You cut the black mamba into ribbons!!!
You kill the black mamba!
Okawaru accepts your kill.
Unknown command.
You slash the shock serpent! You headbutt the shock serpent!
The shock serpent is heavily wounded.
The shock serpent's electric aura discharges, shocking you!
You feel sick.
The shock serpent bites you but does no damage.
Unknown command.
You slice the shock serpent!! Your headbutt misses the shock serpent.
The shock serpent is almost dead.
The shock serpent's electric aura discharges, shocking you!
* * * LOW HITPOINT WARNING * * *
The shock serpent shoots out a bolt of lightning at you!
The bolt of electricity hits you!
You die...

....... .......#
......# #....#
.........# ### #(..##
.N......##.. ..#
#....######...........
..#
#........##SN.........
..#
#....)...##.N.........
..#
#..†....@##...........
..#
#...##...SN...........
..#
######............#
..# #.....(......# %.#
#####.....#### ......
###..(()##### .......
#......).††...###
........
#........†.......
........
#####............


You could see a naga sharpshooter and a shock serpent.

Vanquished Creatures
  Rupert (D:13)
  Roxanne (D:14)
  An orc warlord (Orc:2)
  The ghost of Afenn the Spear-Bearer, a journeyman MfSk of Okawaru (Lair:6)
  The ghost of Fidonwoo the Geomancer, a journeyman GrEE of Vehumet (Lair:5)
  4 entropy weavers (Lair:4)
  A minotaur (Lab)
  Josephine (Orc:1)
  2 ghost crabs (Lair:4)
  10 hydras
  3 naga warriors (Snake:1)
  A death knight (D:14)
  A catoblepas (Lair:5)
  11 two-headed ogres
  5 centaur warriors
  2 anacondas (Snake:1)
  7 death yaks
  A queen ant (D:9)
  2 orc high priests (Orc:2)
  The ghost of matti1234 the Jinx, a novice FoAM of Ru (D:8)
  An ogre mage (D:15)
  A sun demon (Lair:6)
  6 fire crabs
  Nergalle (Lair:4)
  An unseen horror (shapeshifter) (D:15)
  A wizard (Lair:6)
  A glowing orange brain (D:15)
  A naga ritualist (Snake:1)
  An obsidian statue (Volcano)
  4 unseen horrors
  A lindwurm (Volcano)
  Pikel (D:5)
  4 orc knights
  A necromancer (IceCv)
  3 deep elf magi
  3 ugly things
  5 oklob plants
  A manticore (D:15)
  8 orc sorcerers
  2 mana vipers (Snake:1)
  4 cyclopes
  31 elephants
  3 centaur zombies
  An apocalypse crab (Lair:4)
  A merfolk siren (Lair:4)
  A guardian serpent (Snake:1)
  15 black mambas
  An ice statue (IceCv)
  A naga mage (Snake:1)
  A smoke demon (Lair:6)
  3 gargoyles
  11 spiny frogs
  An orange demon (Lair:6)
  An efreet (D:13)
  A kobold demonologist (D:15)
  A redback zombie (D:15)
  4 rime drakes
  4 komodo dragons
  10 freezing wraiths (IceCv)
  A queen bee (shapeshifter) (D:15)
  4 ice devils
  3 red devils (Lair:6)
  Prince Ribbit (D:6)
  A harpy zombie (D:15)
  A merfolk (Lair:4)
  6 trolls
  3 meliai (D:13)
  A wind drake (shapeshifter) (D:15)
  2 polar bears
  A hornet (D:11)
  7 slime creatures
  17 blink frogs
  12 hippogriffs
  A dream sheep (Lair:6)
  A spriggan (shapeshifter) (D:15)
  A vampire (D:15)
  17 humans
  2 shadows
  6 fire bats (Volcano)
  5 wyverns
  3 basilisks
  3 steam dragons (Volcano)
  39 yaks
  5 wraiths
  Eustachio (D:5)
  4 hogs (D:7)
  4 hungry ghosts
  4 vampire mosquitoes (D:14)
  A death yak simulacrum (IceCv)
  Menkaure (D:4)
  3 wargs
  8 nagas
  2 acid dragons (D:11)
  13 soldier ants
  14 water moccasins
  4 hell hounds (Lair:6)
  A swamp drake (D:11)
  12 porcupines
  8 ice beasts
  3 sky beasts
  38 orc warriors
  3 black bears
  12 ogres
  An eye of draining (D:15)
  4 phantoms
  2 necrophages
  12 centaurs
  An alligator simulacrum (IceCv)
  10 wolves (Lair:2)
  16 crocodiles
  17 big kobolds
  A wyvern zombie (D:7)
  20 bullfrogs
  2 wyvern skeletons
  2 scorpions
  14 killer bees
  20 wights
  An elephant simulacrum (IceCv)
  6 howler monkeys
  8 lava snakes (Volcano)
  A crimson imp (D:8)
  A draconian simulacrum (IceCv)
  12 hounds
  A quasit (D:9)
  2 bullfrog zombies
  3 jellies
  26 orc wizards
  2 bullfrog skeletons
  23 orc priests
  2 centaur skeletons
  3 iguanas
  Terence (D:3)
  A hell rat (D:8)
  38 worker ants
  A spriggan simulacrum (IceCv)
  2 troll simulacra (IceCv)
  A wolf simulacrum (IceCv)
  4 centaur simulacra (IceCv)
  A hound skeleton (D:10)
  A worker ant zombie (D:11)
  A howler monkey skeleton (D:6)
  3 gnolls (D:7)
  7 naga simulacra (IceCv)
  A river rat (D:8)
  8 adders
  5 ogre simulacra (IceCv)
  4 shadow imps
  12 white imps (IceCv)
  2 adder zombies
  5 worms
  A dart slug (D:3)
  5 leopard geckos
  99 orcs
  6 bats
  6 giant cockroaches
  9 hobgoblins
  13 jackals
  25 kobolds
  3 quokkas
  2 ball pythons (D:2)
  4 frilled lizards
  10 goblins
  A hobgoblin zombie (Ossuary)
  4 kobold zombies (Ossuary)
  2 orc skeletons (Ossuary)
  2 quokka skeletons (D:2)
  A quokka zombie (D:6)
  6 rats
  2 bushes
  3 fungi
  17 plants
1010 creatures vanquished.

Vanquished Creatures (others)
  An orc (Orc:2)
  7 fungi
  6 plants
14 creatures vanquished.

Grand Total: 1024 creatures vanquished

Notes
Turn   | Place    | Note
-------+----------+-------------------------------------------
     0 | D:1      | Peloso the Minotaur Fighter began the quest for the Orb.
     0 | D:1      | Reached XP level 1. HP: 19/19 MP: 0/0
   104 | D:1      | Reached XP level 2. HP: 27/27 MP: 1/1
   213 | D:1      | Reached skill level 4 in Shields
   396 | D:1      | Reached XP level 3. HP: 33/33 MP: 2/2
   958 | D:3      | Reached XP level 4. HP: 36/40 MP: 3/3
  1065 | D:3      | Found a stormy altar of Qazlal.
  1066 | D:3      | Noticed Terence
  1206 | D:3      | Killed Terence
  1206 | D:3      | Reached XP level 5. HP: 47/47 MP: 4/4
  1534 | D:4      | Reached skill level 5 in Armour
  1759 | D:4      | Noticed Menkaure
  1766 | D:4      | Killed Menkaure
  1766 | D:4      | Reached skill level 1 in Dodging
  1766 | D:4      | Reached XP level 6. HP: 36/53 MP: 5/5
  1996 | D:4      | Found a burning altar of Makhleb.
  2069 | D:4      | Reached skill level 5 in Long Blades
  2083 | D:4      | Reached skill level 5 in Shields
  2265 | D:5      | Entered Level 5 of the Dungeon
  2327 | D:5      | Reached XP level 7. HP: 39/60 MP: 6/6
  2724 | D:5      | Noticed Pikel
  2754 | D:5      | Killed Pikel
  2754 | D:5      | Reached skill level 5 in Fighting
  2754 | D:5      | Reached skill level 6 in Shields
  2754 | D:5      | Reached XP level 8. HP: 57/69 MP: 7/7
  2943 | D:5      | Noticed Eustachio
  2958 | D:5      | Killed Eustachio
  3727 | D:6      | Noticed Prince Ribbit
  3863 | D:6      | Killed Prince Ribbit
  3863 | D:6      | Reached skill level 7 in Shields
  4853 | D:6      | Reached XP level 9. HP: 73/78 MP: 8/8
  4968 | D:6      | Found a staircase to the Ecumenical Temple.
  4982 | Temple   | Entered the Ecumenical Temple
  4998 | Temple   | Became a worshipper of Warmaster Okawaru
  5149 | D:7      | Reached skill level 8 in Shields
  5198 | D:7      | Found an iron altar of Okawaru.
  5250 | D:7      | Found a sand-covered staircase.
  5263 | Ossuary  | Entered an ossuary
  5484 | Ossuary  | Reached * piety under Okawaru
  5506 | Ossuary  | Reached skill level 9 in Shields
  5898 | D:7      | Reached ** piety under Okawaru
  5922 | D:7      | Reached XP level 10. HP: 62/86 MP: 9/9
  6041 | D:7      | Reached skill level 10 in Long Blades
  6607 | D:8      | Reached skill level 10 in Shields
  6743 | D:8      | Noticed a death yak
  6763 | D:8      | Killed a death yak
  6765 | D:8      | Noticed a death yak
  6769 | D:8      | Noticed a death yak
  6775 | D:8      | Killed a death yak
  6775 | D:8      | Reached *** piety under Okawaru
  6914 | D:8      | Found a staircase to the Lair.
  6961 | D:8      | Killed a death yak
  6961 | D:8      | Reached skill level 11 in Shields
  7257 | D:8      | Found a runed gate.
  7257 | D:8      | Found a runed gate.
  7259 | D:8      | Found a runed gate.
  7263 | D:8      | Noticed matti1234's ghost (novice FoAM)
  7381 | D:8      | Reached **** piety under Okawaru
  7489 | D:8      | Reached skill level 10 in Armour
  7525 | D:8      | Killed matti1234's ghost
  7525 | D:8      | Reached XP level 11. HP: 61/94 MP: 10/10
  7527 | D:8      | Reached skill level 1 in Invocations
  7996 | D:9      | Noticed a queen ant
  8085 | D:9      | Killed a queen ant
  8085 | D:9      | Reached ***** piety under Okawaru
  8319 | D:9      | Reached skill level 12 in Shields
  8461 | D:9      | Received a gift from Okawaru
  8465 | D:9      | Got a fine double sword {god gift}
  8466 | D:9      | Lost intelligence.
  8466 | D:9      | Identified the +9 double sword of the Salmon {slice, rN+++
                  | MP+9 Int-5 SInv} (Okawaru gifted it to you on level 9 of
                  | the Dungeon)
  8734 | D:9      | Noticed a two-headed ogre
  8742 | D:9      | Killed a two-headed ogre
  8931 | D:9      | Noticed a two-headed ogre
  8939 | D:9      | Killed a two-headed ogre
  9359 | D:10     | Entered Level 10 of the Dungeon
  9544 | D:10     | Received a gift from Okawaru
  9547 | D:10     | Got smoking pearl dragon scales {god gift}
  9558 | D:10     | Identified the +8 pearl dragon scales of Dice, Bag, and
                  | Bottle {rPois rN+ Slay+6} (Okawaru gifted it to you on
                  | level 10 of the Dungeon)
  9634 | D:10     | Reached XP level 12. HP: 92/106 MP: 11/11
  9956 | D:11     | Reached skill level 13 in Shields
  9967 | D:11     | Found a labyrinth entrance.
  9976 | Lab      | Entered a labyrinth
 10312 | Lab      | Noticed a minotaur
 10321 | Lab      | Killed a minotaur
 10321 | Lab      | Reached skill level 10 in Fighting
 10330 | Lab      | Got an emerald-encrusted plate armour
 10354 | Lab      | Identified the +10 plate armour "Nedatiroa" {+Fly rElec}
                  | (You found it in a labyrinth)
 10436 | D:11     | Noticed a two-headed ogre
 10441 | D:11     | Killed a two-headed ogre
 10517 | D:11     | Found a staircase to the Orcish Mines.
 10533 | D:11     | Noticed a two-headed ogre
 10543 | D:11     | Killed a two-headed ogre
 11422 | D:11     | Got a transparent hand axe
 11523 | D:11     | Reached skill level 1 in Stealth
 11700 | Lair:1   | Entered Level 1 of the Lair of Beasts
 12155 | Lair:1   | Reached skill level 15 in Long Blades
 12602 | Lair:1   | Got an ancient wooden ring
 12604 | Lair:1   | Identified the ring of Zifal {rF+ rN+ MP-9 Dex+4 SInv} (You
                  | found it on level 1 of the Lair of Beasts)
 12736 | Lair:1   | Noticed a four-headed hydra
 12746 | Lair:1   | Killed a ten-headed hydra
 12746 | Lair:1   | Reached ****** piety under Okawaru
 12787 | Lair:1   | Reached XP level 13. HP: 96/116 MP: 12/12
 13180 | Lair:1   | Identified the +7 hand axe of Mygrayse {chop, rElec rC-
                  | MR+} (You found it on level 11 of the Dungeon)
 13225 | Lair:1   | You fall through a shaft!
 13233 | Lair:2   | Received a gift from Okawaru
 13260 | Lair:2   | Reached skill level 14 in Shields
 13352 | Lair:2   | Reached skill level 1 in Evocations
 14662 | Lair:4   | Found a dark tunnel.
 14672 | Volcano  | Entered a volcano
 14759 | Volcano  | Found a radiant altar of Vehumet.
 15028 | Lair:4   | Reached skill level 15 in Shields
 15098 | Lair:4   | Received a gift from Okawaru
 15099 | Lair:4   | Found a staircase to the Snake Pit.
 15302 | Lair:4   | Noticed Nergalle
 15310 | Lair:4   | Killed Nergalle
 15362 | Lair:4   | Found a runed door.
 15533 | Lair:4   | Reached XP level 14. HP: 126/126 MP: 14/14
 15540 | Lair:4   | Found a staircase to the Shoals.
 15815 | Lair:4   | Noticed an entropy weaver
 15818 | Lair:4   | Received a gift from Okawaru
 15818 | Lair:4   | Reached skill level 5 in Dodging
 15823 | Lair:4   | Killed an entropy weaver
 15833 | Lair:4   | Got a pitted chain mail {god gift}
 15845 | Lair:4   | Noticed an entropy weaver
 15853 | Lair:4   | Killed an entropy weaver
 16024 | Lair:4   | Noticed an entropy weaver
 16034 | Lair:4   | Killed an entropy weaver
 16112 | Lair:4   | Noticed an entropy weaver
 16122 | Lair:4   | Killed an entropy weaver
 16138 | Lair:4   | Got a scorched lajatang
 16141 | Lair:4   | Got a brightly glowing trident
 16330 | Lair:5   | Found a runed gate.
 16330 | Lair:5   | Found a runed gate.
 16343 | Lair:5   | Noticed Fidonwoo's ghost (journeyman GrEE)
 16417 | Lair:1   | Identified the cursed +1 trident of Amorality {freeze,
                  | Int+3} (You found it on level 4 of the Lair of Beasts)
 16492 | Lair:1   | Identified the +4 chain mail of the Monkey {Int+2 Dex+2}
                  | (Okawaru gifted it to you on level 4 of the Lair of Beasts)
 16784 | D:12     | Reached skill level 1 in Polearms
 17011 | D:12     | Found a blossoming altar of Fedhas.
 17508 | D:13     | Found a frozen archway.
 17509 | D:13     | Received a gift from Okawaru
 17519 | D:13     | Got a polished hat {god gift}
 17525 | D:13     | Identified the -4 hat of the Countless Tales {-Cast rCorr
                  | MP+9} (Okawaru gifted it to you on level 13 of the Dungeon)
 17537 | IceCv    | Entered an ice cave
 17540 | IceCv    | Reached skill level 16 in Shields
 17829 | IceCv    | Found an ancient bone altar of Kikubaaqudgha.
 18750 | D:13     | Noticed Rupert
 18751 | D:13     | Noticed Nessos
 18778 | D:13     | Killed Rupert
 19244 | D:13     | Found a gate to the Vaults.
 20062 | Lair:5   | Received a gift from Okawaru
 20078 | Lair:5   | Reached XP level 15. HP: 135/137 MP: 15/15
 20088 | Lair:5   | Received a gift from Okawaru
 20225 | Lair:5   | Found a runed gate.
 20249 | Lair:5   | Killed Fidonwoo's ghost
 20730 | Lair:6   | Entered Level 6 of the Lair of Beasts
 20745 | Lair:6   | Received a gift from Okawaru
 20798 | Lair:6   | Found a runed gate.
 20799 | Lair:6   | Noticed Afenn's ghost (journeyman MfSk)
 20801 | Lair:6   | Found a runed gate.
 20801 | Lair:6   | Found a runed gate.
 20808 | Lair:6   | Reached skill level 17 in Shields
 20862 | Lair:6   | Killed Afenn's ghost
 21158 | Lair:6   | Identified the cursed +1 lajatang "Qeukhooz" {venom, rPois}
                  | (You found it on level 4 of the Lair of Beasts)
 21179 | Lair:6   | Got a translucent scimitar
 21180 | Lair:6   | Identified the +7 scimitar "Ilac Efi" {slice, Str+2 Stlth+}
                  | (You found it on level 6 of the Lair of Beasts)
 21289 | Lair:6   | Received a gift from Okawaru
 21463 | Lair:6   | Paralysed by a wizard for 5 turns
 21474 | Lair:6   | Found a burning altar of Makhleb.
 21527 | Lair:6   | Found a gateway to Hell.
 21669 | Lair:6   | Reached skill level 15 in Fighting
 21924 | Lair:6   | Found a viscous altar of Jiyva.
 21924 | Lair:6   | Found a staircase to the Slime Pits.
 22328 | Orc:1    | Entered Level 1 of the Orcish Mines
 22338 | Orc:1    | Received a gift from Okawaru
 22396 | Orc:1    | Found Buer Sufry's Antique Armour Shoppe.
 22422 | Orc:1    | Bought a pair of spiked gloves for 228 gold pieces
 22451 | Orc:1    | Identified the +2 pair of gloves "Jugg" {MR+} (You bought
                  | it in a shop on level 1 of the Orcish Mines)
 22486 | Orc:1    | Noticed Josephine
 22493 | Orc:1    | Killed Josephine
 22902 | Orc:2    | Entered Level 2 of the Orcish Mines
 22906 | Orc:2    | Found Cytoleir's Magic Scroll Boutique.
 22948 | Orc:2    | Bought a scroll of blinking for 135 gold pieces
 22948 | Orc:2    | Bought a scroll of magic mapping for 63 gold pieces
 22948 | Orc:2    | Bought a scroll of remove curse for 54 gold pieces
 22948 | Orc:2    | Bought a scroll of teleportation for 54 gold pieces
 22949 | Orc:2    | Found Ziothrur's Book Shoppe.
 23091 | Orc:2    | Found Inisuiqi's Antique Weapon Shoppe.
 23136 | Orc:1    | Paralysed by an orc sorcerer for 4 turns
 23236 | Orc:2    | Reached skill level 18 in Shields
 23236 | Orc:2    | Reached XP level 16. HP: 137/149 MP: 16/16
 23305 | Orc:2    | Found Dimofi Mera's Antique Armour Emporium.
 23316 | Orc:2    | Found a roughly hewn altar of Beogh.
 23542 | Orc:2    | Found Usas's General Store.
 23553 | Orc:2    | Found a staircase to the Elven Halls.
 23617 | Orc:2    | Received a gift from Okawaru
 23636 | Orc:2    | Got a faintly humming large shield {god gift}
 23642 | Orc:2    | Identified the +2 large shield "Bathro" {+Fly rPois Str-2
                  | Int+4 Stlth+} (Okawaru gifted it to you on level 2 of the
                  | Orcish Mines)
 24444 | D:14     | Noticed Roxanne
 24474 | D:14     | Killed Roxanne
 24737 | D:14     | Found a shadowy altar of Dithmenos.
 24829 | D:15     | Entered Level 15 of the Dungeon
 25196 | D:15     | Found a staircase to the Depths.
 25454 | D:15     | Received a gift from Okawaru
 25908 | Snake:1  | Entered Level 1 of the Snake Pit
 26016 | Snake:1  | Reached skill level 19 in Shields
 26025 | Snake:1  | HP: 6/151 [naga warrior/glaive (21)]
 26041 | Snake:1  | Killed from afar by a shock serpent

Skill      XL: |  1  2  3  4  5  6  7  8  9 10 11 12 13 14 15 16 |
---------------+-------------------------------------------------+-----
Shields        | 4 5 6 7 9 11 12 13 15 16 18 19 | 19.0
Armour         | 4 5 6 7 8 9 10 11 12 13 | 13.6
Fighting       | 4 5 6 7 8 9 11 12 13 15 16 | 16.3
Long Blades    | 3 4 5 6 8 9 11 13 15 16 17 18 | 18.7
Dodging        | 1 2 4 6 7 8 |  8.1
Invocations    | 1 |  1.0
Stealth        | 1 2 |  2.4
Evocations     | 2 |  2.1
Polearms       | 2 |  2.0

Action                   |  1- 3 |  4- 6 |  7- 9 | 10-12 | 13-15 | 16-18 || total
-------------------------+-------+-------+-------+-------+-------+-------++-------
Melee: Long sword        |   112 |   172 |   382 |   512 |       |       ||  1178
       Headbutt          |    18 |    24 |    83 |   193 |   300 |    89 ||   707
       Double sword      |       |       |       |   303 |   867 |   284 ||  1454
       Trident           |       |       |       |       |    98 |       ||    98
       Scimitar          |       |       |       |       |     7 |       ||     7
Invok: Heroism           |       |       |       |     5 |       |       ||     5
Evoke: Wand              |       |       |     1 |     1 |    21 |       ||    23
  Use: Potion            |       |     3 |     1 |     2 |     1 |     2 ||     9
       Scroll            |       |       |    12 |    13 |    13 |       ||    38
  Eat: Chunk             |       |     3 |    11 |    17 |    26 |     9 ||    66
       Ration            |       |       |     1 |     3 |     2 |       ||     6
Armor: Scale mail        |    53 |    45 |     9 |       |       |       ||   107
       Plate armour      |       |       |   114 |   187 |       |       ||   301
       Pearl dragon scal |       |       |       |    57 |   435 |    85 ||   577
Dodge: Dodged            |    34 |    54 |    68 |   152 |   526 |   156 ||   990
Block: Shield            |    66 |   100 |   262 |   503 |   843 |   260 ||  2034
       Reflection        |       |       |     2 |       |     6 |       ||     8
       Rpst.: Long sword |     7 |     7 |    18 |    14 |       |       ||    46
       Double sword      |       |       |       |    23 |    88 |    36 ||   147
